 Dungeon Crawl Stone Soup version 0.30-a0-778-g2ef04afb54 (webtiles) character file.

Game seed: 1944461522849831061

46 sircluck the Trooper (level 3, -5/33 HPs)
             Began as a Minotaur Fighter on Feb 16, 2023.
             Killed from afar by Sigmund (9 damage)
             ... with a magic dart
             ... on level 2 of the Dungeon.
             The game lasted 00:01:28 (1970 turns).

sircluck the Trooper (Minotaur Fighter)             Turns: 1970, Time: 00:01:28

Health: -5/33      AC:  8    Str: 22    XL:     3   Next: 44%
Magic:  2/2        EV:  9    Int:  5    God:
Gold:   66         SH:  4    Dex:  9    Spells: 2/2 levels left

rFire   . . .      SeeInvis .    a - +0 long sword
rCold   . . .      Faith    .    c - +0 buckler
rNeg    . . .      Spirit   .    b - +0 scale mail
rPois   .          Reflect  .    (helmet restricted)
rElec   .          Harm     .    (no cloak)
rCorr   .          Rampage  .    (no gloves)
Will    .....                    q - +0 pair of boots Stlth
                                 (no amulet)
HPRegen 0.25/turn                (no ring)
MPRegen 0.08/turn                (no ring)

@: no status effects
A: horns 2, retaliatory headbutt
a: no special abilities


You were on level 2 of the Dungeon.
You visited 1 branch of the dungeon, and saw 2 of its levels.

You collected 66 gold pieces.

Inventory:

Hand Weapons
 a - a +0 long sword (weapon)
Missiles
 n - 4 poisoned darts (quivered)
 o - 16 stones
Armour
 b - a +0 scale mail (worn)
 c - a +0 buckler (worn)
 q - a +0 pair of boots (worn)
Scrolls
 h - a scroll of brand weapon {unknown}
 i - 2 scrolls of teleportation {unknown}
 j - a scroll of poison {unknown}
 k - 2 scrolls of noise {unknown}
 p - a scroll of torment {unknown}
 r - a scroll of magic mapping {unknown}
 s - a scroll of vulnerability {unknown}
Potions
 d - a potion of might
 e - 4 potions of curing {unknown}
 f - 2 potions of heal wounds {unknown}
 g - 2 potions of mutation {unknown}
 l - a potion of resistance {unknown}
 m - a potion of invisibility {unknown}
 t - a potion of ambrosia {unknown}
 u - a potion of attraction {unknown}


   Skills:
 + Level 4.2 Fighting
 + Level 3.1 Long Blades
 + Level 4.0 Armour
 + Level 0.6 Dodging
 + Level 4.0 Shields


You had 2 spell levels left.
You didn't know any spells.
Your spell library was empty.

Dungeon Overview and Level Annotations

Branches:
Dungeon (2/15)

Altars:

Annotations:
D:2 Sigmund


Innate Abilities, Weirdness & Mutations

You have a pair of horns on your head.
You reflexively headbutt those who attack you in melee.


Message History

You hit Sigmund but do no damage. You headbutt Sigmund.
Sigmund is lightly wounded.
Sigmund hits you with a +0 scythe!
You barely miss Sigmund.
Sigmund is lightly wounded.
You barely miss Sigmund.
Sigmund is lightly wounded.
Sigmund casts a spell at you. The magic dart hits you.
Sigmund casts a spell at you.
You are confused.
You are too confused!
You are too confused!
You are too confused!
You are too confused!
Sigmund hits you from afar with a +0 scythe!
You barely miss Sigmund.
Sigmund is lightly wounded.
Sigmund barely misses you.
You closely miss Sigmund.
Sigmund is lightly wounded.
Sigmund hits you but does no damage. Sigmund attacks as you move away!
Sigmund hits you with a +0 scythe. Sigmund hits you with a +0 scythe!
* * * LOW HITPOINT WARNING * * *
You feel less confused. Sigmund barely misses you.
You closely miss Sigmund.
Sigmund is lightly wounded.
Sigmund closely misses you.
You completely miss Sigmund. You headbutt Sigmund!
Sigmund is heavily wounded.
Sigmund gestures wildly while chanting.
Sigmund flickers and vanishes!
Deactivating autopickup; reactivate with Ctrl-A.
You barely miss something. Your headbutt misses something.
You hear some strange, mumbled words.
A magic dart appears from out of thin air!
The magic dart hits you!
You die...

#####........######.###.#####
########## #.......#..
#############.#...#.#..
#..........##.#...#.#..
#..........##.#...#.#..
#..........##.#.....#..
#..........##.#[#..##..
#.....{....##.#.....#..
#.....@....##..........
#..........##.....#....
#..........##.....#.#.#
#..........##.....#.#.#
####...######.....#.#.# #...#
#.....#.#.# #...# #.....+.#.#
#...#######....###.#
#...'..........+...#


There were no monsters in sight!

Vanquished Creatures
  2 adders (D:2)
  A worm (D:2)
  3 endoplasms
  A giant cockroach (D:1)
  2 hobgoblins (D:1)
  5 kobolds
  A quokka (D:1)
  2 bats
  A frilled lizard (D:2)
  9 rats
27 creatures vanquished.

Notes
Turn   | Place    | Note
-------+----------+-------------------------------------------
     0 | D:1      | sircluck the Minotaur Fighter began the quest for the Orb.
     0 | D:1      | Reached XP level 1. HP: 19/19 MP: 0/0
   260 | D:1      | Reached XP level 2. HP: 22/27 MP: 1/1
  1266 | D:2      | Reached XP level 3. HP: 33/33 MP: 2/2
  1949 | D:2      | Noticed Sigmund
  1970 | D:2      | Killed from afar by Sigmund

Illustrated notes

Levels and vault maps discovered:
D:1:      dpeg_arrival_yet_another_circle, layout_basic
D:2:      layout_basic, minmay_misc_feat_plants, uniq_sigmund

Skill      XL: |  1  2  3 |
---------------+----------+-----
Fighting       | 4 |  4.2
Long Blades    | 3 |  3.1
Armour         | 4 |  4.0
Shields        | 4 |  4.0
Dodging        | |  0.6

Action                     || total
---------------------------++-------
  Melee: Long sword        ||    83
         Headbutt          ||    11
 Armour: Scale mail        ||    33
  Dodge: Dodged            ||    34
  Block: Buckler           ||    24

Table legend: (Time is in decaauts)
 A = Elapsed time spent in this place.
 B = Non-inter-level travel time spent in this place.
 C = Inter-level travel time spent in this place.
 D = Time resting spent in this place.
 E = Time spent auto-exploring this place.
 F = Levels seen in this place.
 G = Mean time per level.
                   A        B        C        D        E       F      G
               +--------+--------+--------+--------+--------+-----+--------+
         Total |   1994 |   1994 |      0 |      0 |   1744 |   2 |  997.0 |
       Dungeon |   1994 |   1994 |      0 |      0 |   1744 |   2 |  997.0 |
               +--------+--------+--------+--------+--------+-----+--------+

Top non-repeatable levels by time:
     D:1: 1149 daAuts
     D:2: 845 daAuts
